 Dungeon Crawl Stone Soup version 0.31-a0-925-g0a390f2509 (webtiles) character file.

Game seed: 1701777463264971602

228 pokeman the Magician (level 5, 0/29 HPs)
             Began as a Deep Elf Hedge Wizard on Oct 18, 2023.
             Was an Initiate of Vehumet.
             Slain by a scorpion (2 damage)
             ... on level 4 of the Dungeon.
             The game lasted 00:04:33 (3225 turns).

pokeman the Magician (Deep Elf Hedge Wizard)        Turns: 3225, Time: 00:04:34

Health: 0/29       AC:  2    Str:  7    XL:     5   Next: 71%
Magic:  0/15       EV: 12    Int: 21    God:    Vehumet [......]
Gold:   143        SH:  0    Dex: 10    Spells: 8/16 levels left

rFire   . . .        n - +6 whip of Valiance {freeze, Fly rElec Dex-4 Stlth-}
rCold   . . .        (no shield)
rNeg    . . .        b - +0 robe
rPois   .            c - +0 hat
rElec   +            (no cloak)
rCorr   .            (no gloves)
SInv    .            (no boots)
Will    .....        o - amulet of the acrobat
Stlth   +            (no ring)
HPRegen 0.24/turn    (no ring)
MPRegen 0.14/turn

%: acrobat
@: flying
A: no striking features
a: Renounce Religion


You were on level 4 of the Dungeon.
You worshipped Vehumet.
Vehumet was noncommittal.
You visited 1 branch of the dungeon, and saw 4 of its levels.

You collected 143 gold pieces.

Inventory:

Hand Weapons
 n - the +6 whip of Valiance (weapon) {freeze, Fly rElec Dex-4 Stlth-}
   (You found it on level 3 of the Dungeon)

   Dex-4:     It affects your dexterity (-4).
   rElec:     It insulates you from electricity.
   Fly:       It grants you flight.
   Stlth-:    It makes you less stealthy.
Armour
 b - a +0 robe (worn)
 c - a +0 hat (worn)
Jewellery
 o - an amulet of the acrobat (around neck)
Scrolls
 h - 2 scrolls of identify {unknown}
 i - a scroll of teleportation {unknown}
 j - a scroll of blinking {unknown}
 k - a scroll of fog {unknown}
Potions
 a - a potion of curing
 d - 2 potions of magic
 e - a potion of might {unknown}
 f - a potion of heal wounds {unknown}
 g - a potion of mutation {unknown}
 l - 2 potions of berserk rage {unknown}
 m - 2 potions of degeneration {unknown}
 p - a potion of brilliance {unknown}


   Skills:
 - Level 1.0 Fighting
 - Level 1.3 Armour
 - Level 3.0 Dodging
 + Level 2.9 Stealth
 * Level 6.4 Spellcasting
 + Level 2.9 Conjurations
 - Level 1.1 Summonings
 - Level 1.1 Translocations
 + Level 0.9 Air Magic
 - Level 1.0 Poison Magic


You had 8 spell levels left.
You knew the following spells:

 Your Spells              Type           Power      Damage    Failure   Level
a - Magic Dart            Conj           72%        1d6       2%          1
b - Mephitic Cloud        Conj/Pois/Air  13%        N/A       14%         3
c - Call Imp              Summ           22%        N/A       9%          2
d - Blink                 Tloc           22%        N/A       9%          2

Your spell library contained the following spells:

 Spells                   Type           Power      Damage    Failure   Level
 Slow                     Hex            24%        N/A       10%         1
 Cigotuvi's Dreadful Rot  Necr/Pois/Air  18%        N/A       11%         2


Dungeon Overview and Level Annotations

Branches:
Dungeon (4/15)
 Temple: D:4-7

Altars:
Makhleb
Vehumet


Message History

Press: ? - help, Shift-Dir - straight line, f/p - scorpion
Aim: a scorpion (severely wounded, confused, 100% to hit)
The magic dart hits the scorpion.
The scorpion is almost dead.
* * * LOW HITPOINT WARNING * * *
You feel sick.
The orc wizard hits you but does no damage.
It was a potion of curing.
You feel better. The orc wizard casts a spell at you.
You resist with some effort. The scorpion barely misses you.
Casting: Magic Dart (safe; 3% risk of failure)
Confirm with . or Enter, or press ? or * to list all spells.
Aiming: Magic Dart (safe; 3% risk of failure)
Press: ? - help, Shift-Dir - straight line, f - orc wizard, p - scorpion
Aim: an orc wizard, wielding a +0 dagger and wearing a +0 robe (severely wounded, 100% to hit)
The magic dart hits the orc wizard.
The orc wizard is almost dead.
You hear the slow rusting of a very distant drain.
The scorpion seems less confused.
The orc wizard gestures at you while chanting.
The magic dart hits you.
* * * LOW HITPOINT WARNING * * *
The scorpion barely misses you.
Casting: Magic Dart (safe; 3% risk of failure)
Confirm with . or Enter, or press ? or * to list all spells.
You don't have enough magic to cast this spell.
Unknown command.
Unknown command.
You hit the orc wizard. You freeze the orc wizard.
You kill the orc wizard!
Vehumet accepts your kill. The scorpion stings you.
* * * LOW HITPOINT WARNING * * *
A kobold comes into view. It is wielding a +0 dagger.
Unknown command.
You closely miss the scorpion.
The scorpion is severely wounded.
The kobold shouts!
The scorpion stings you.
You die...

..########.##...#
...........#
......
#........###
.##.#.. ###.....#
.# ## .
#(......####.###
.....#.....#....#
...###.....".....
...##.....s.....K
........)@..##..
.###...).))..# .
###...........
#......##....
#............
#.......#.....
#.......#... .
......... .#


You could see a scorpion and a kobold.

Vanquished Creatures
  An orc priest (D:4)
  A jelly (D:3)
  2 orc wizards (D:4)
  4 adders
  A worm (D:2)
  3 dart slugs
  2 orcs (D:4)
  7 bats
  10 endoplasms
  2 giant cockroaches
  10 goblins
  6 hobgoblins
  10 kobolds
  A quokka (D:1)
  2 ball pythons
  4 frilled lizards
  5 rats
71 creatures vanquished.

Notes
Turn   | Place    | Note
-------+----------+-------------------------------------------
     0 | D:1      | pokeman the Deep Elf Hedge Wizard began the quest for the
                  | Orb.
     0 | D:1      | Reached XP level 1. HP: 10/10 MP: 7/7
   281 | D:1      | Reached XP level 2. HP: 16/16 MP: 5/9
   687 | D:1      | Reached skill level 5 in Spellcasting
  1281 | D:2      | Reached XP level 3. HP: 20/20 MP: 7/11
  1285 | D:2      | Learned a level 3 spell: Mephitic Cloud
  1288 | D:2      | Learned a level 2 spell: Call Imp
  1291 | D:2      | Learned a level 2 spell: Blink
  1834 | D:2      | Reached skill level 1 in Fighting
  1842 | D:2      | Reached skill level 1 in Armour
  2446 | D:3      | Reached XP level 4. HP: 25/25 MP: 11/13
  2789 | D:3      | Identified the +6 whip of Valiance {freeze, Fly rElec Dex-4
                  | Stlth-}
  2870 | D:3      | Found a radiant altar of Vehumet.
  2874 | D:3      | Became a worshipper of Vehumet
  2922 | D:3      | Reached skill level 6 in Spellcasting
  2922 | D:3      | Reached XP level 5. HP: 29/29 MP: 11/15
  2966 | D:3      | Found a faded altar of an unknown god.
  3080 | D:3      | Found a burning altar of Makhleb.
  3212 | D:4      | Reached skill level 1 in Poison Magic
  3224 | D:4      | HP: 1/29 [scorpion (5)]
  3225 | D:4      | Slain by a scorpion

Illustrated notes

Levels and vault maps discovered:
D:1:      minmay_arrival_up_and_down, layout_basic, dreamdust_wishing_well,
          minmay_domino_2
D:2:      layout_basic, serial_bayou_pond_b
D:3:      layout_basic, mainiacjoe_overflow_cross_hatched,
          mainiacjoe_overflow_24_doors, shapermc_ecumenical_altar_starsandcircs
D:4:      layout_cave_pools, portal_sewer_entry_e, gammafunk_ghost_mausoleum

Skill      XL: |  1  2  3  4  5 |
---------------+----------------+-----
Spellcasting   | 5 6 |  6.4
Fighting       | 1 |  1.0
Conjurations   | 2 |  2.9
Armour         | 1 |  1.3
Dodging        | 3 |  3.0
Poison Magic   | 1 |  1.0
Stealth        | |  2.9
Summonings     | |  1.1
Translocations | |  1.1
Air Magic      | |  0.9

Action                     |  1- 3 |  4- 6 || total
---------------------------+-------+-------++-------
  Melee: Dagger            |     3 |       ||     3
         Whip              |       |    15 ||    15
   Cast: Magic Dart        |   119 |    50 ||   169
         Mephitic Cloud    |       |     4 ||     4
    Use: Potion            |       |     1 ||     1
   Stab: Confused          |       |     2 ||     2
 Armour: Robe              |    10 |    12 ||    22
  Dodge: Dodged            |     8 |    18 ||    26

Table legend: (Time is in decaauts)
 A = Elapsed time spent in this place.
 B = Non-inter-level travel time spent in this place.
 C = Inter-level travel time spent in this place.
 D = Time resting spent in this place.
 E = Time spent auto-exploring this place.
 F = Levels seen in this place.
 G = Mean time per level.
                   A        B        C        D        E       F      G
               +--------+--------+--------+--------+--------+-----+--------+
         Total |   3227 |   3124 |    103 |     67 |   2695 |   4 |  806.8 |
       Dungeon |   3227 |   3124 |    103 |     67 |   2695 |   4 |  806.8 |
               +--------+--------+--------+--------+--------+-----+--------+

Top non-repeatable levels by time:
     D:1: 1232 daAuts
     D:2: 1206 daAuts
     D:3: 737 daAuts
     D:4: 51 daAuts
